Capitals vs Thrashers

Created - December 17 2006 at 13:00

Goals
1 2 3 T
Capitals 1 0 1 2
Thrashers 2 1 1 4
Shots
1 2 3 T
Capitals 15 7 13 35
Thrashers 16 15 11 42

Period #1

1. Thrashers , Marian Hossa 5 (Vyacheslav Kozlov, Niclas Havelid) at 0:34
2. Capitals , Brooks Laich 2 (Alexander Ovechkin, Ivan Majesky) at 0:58
3. Thrashers , Ilya Kovalchuk 6 (Philippe Boucher) at 4:28

Penalities :
Andrew Cassels (WSH) for Cross-checking (Minor) at 6:13, Peter Bondra (ATL) for High sticking (Minor) at 9:47, Dainius Zubrus (WSH) for Hooking (Minor) at 13:32, Philippe Boucher (ATL) for Charging (Minor) at 15:20

Period #2

4. Thrashers , Ilya Kovalchuk 7 (Scott Mellanby, Robert Lang) at 5:53

Penalities :
Bryan Muir (WSH) for Charging (Minor) at 6:44, Andy Sutton (ATL) for Elbowing (Minor) at 10:37, Peter Bondra (ATL) for Cross-checking (Minor) at 13:03, Dainius Zubrus (WSH) for Delaying the game (Minor) at 14:44

Period #3

5. Thrashers , Peter Bondra 2 (Vitaly Vishnevski, Niko Kapanen) at 2:50
6. Capitals , Matt Pettinger 2 (Brian Sutherby, Shaone Morrisonn) at 19:22

Penalities :
Alexander Ovechkin (WSH) for Clipping (Minor) at 0:09, Peter Bondra (ATL) for High sticking (Minor) at 4:09, Vitaly Vishnevski (ATL) for Elbowing (Minor) at 6:18, Alexander Ovechkin (WSH) for Hooking (Minor) at 10:31, Vitaly Vishnevski (ATL) for Roughing (Double Minor) at 13:09

Goalie Stats

Marty Turco (WSH), 38 saves from 42 shots - (0.905), L, 4-6-1, 60:00 minutes
Kari Lehtonen (ATL), 33 saves from 35 shots - (0.943), W, 4-2-2, 60:00 minutes

Players Stats

Capitals
Player Name              G  A  P  +/- PIM S  H  SB FO MP 
-----------------------------------------------------------
Alexander Ovechkin       0  1  1  -1  4   5  0  0  7  23 
Andrew Cassels           0  0  0  -1  2   2  0  0  34 21 
Brian Pothier            0  0  0   0  0   0  0  4  0  25 
Brian Sutherby           0  1  1   0  0   2  0  0  12 14 
Brooks Laich             1  0  1  -1  0   1  0  0  11 12 
Bryan Muir               0  0  0  -1  2   1  2  0  0  24 
Chris Clark              0  0  0  -1  0   3  2  0  5  22 
Dainius Zubrus           0  0  0  -1  4   7  1  0  0  24 
Eric Fehr                0  0  0  -1  0   1  0  0  0  12 
Ivan Majesky             0  1  1  -1  0   0  2  1  0  14 
Matt Pettinger           1  0  1   0  0   4  1  0  1  10 
Oleg Tverdovsky          0  0  0  -1  0   1  0  5  0  25 
Patrik Stefan            0  0  0   0  0   2  0  0  13 16 
Rene Bourque             0  0  0   0  0   0  0  0  0  0  
Richard Zednik           0  0  0   0  0   2  0  0  1  10 
Shaone Morrisonn         0  1  1   0  0   1  0  3  0  25 
Steve Eminger            0  0  0  -1  0   1  2  2  0  12 
Trent Hunter             0  0  0   0  0   2  0  0  13 16 
Thrashers
Player Name              G  A  P  +/- PIM S  H  SB FO MP 
-----------------------------------------------------------
Andy Sutton              0  0  0   1  2   1  0  2  0  21 
Bobby Holik              0  0  0   0  0   1  2  0  25 16 
Braydon Coburn           0  0  0   0  0   0  0  2  0  16 
Eric Boulton             0  0  0   0  0   0  0  0  0  2  
Garnet Exelby            0  0  0   1  0   1  0  2  0  5  
Greg de Vries            0  0  0   0  0   1  1  0  0  23 
Ilya Kovalchuk           2  0  2   2  0   10 1  0  10 26 
Jason Williams           0  0  0   1  0   3  0  0  1  9  
Jim Slater               0  0  0   0  0   2  0  0  0  14 
Marian Hossa             1  0  1   0  0   6  1  0  2  24 
Niclas Havelid           0  1  1   0  0   0  0  0  0  23 
Niko Kapanen             0  1  1   0  0   3  0  0  15 14 
Peter Bondra             1  0  1   0  6   3  2  0  0  16 
Philippe Boucher         0  1  1   2  2   2  2  1  0  25 
Robert Lang              0  1  1   2  0   5  0  0  40 25 
Scott Mellanby           0  1  1   1  0   1  0  0  1  5  
Vitaly Vishnevski        0  1  1   0  6   0  0  1  0  14 
Vyacheslav Kozlov        0  1  1   0  0   3  0  1  3  23 

3 Stars

1 - Ilya Kovalchuk (ATL)
2 - Kari Lehtonen (ATL)
3 - Marty Turco (WSH)

Power Play

Capitals - 0 on 8 Attempt(s) - 0.00%
Thrashers - 0 on 5 Attempt(s) - 0.00%

Penalty Kill

Capitals - 5 on 5 Attempt(s) - 100.00% - Score 0 goal in Penalty Kill
Thrashers - 8 on 8 Attempt(s) - 100.00% - Score 0 goal in Penalty Kill

Game Notes

Jason Williams is injured at 11:46 of 2nd period (Groin)

Finance

Level 1 -- Attendance: 5709 (95.16%) -- Ticket Income $428,175.00
Level 2 -- Attendance: 4042 (80.83%) -- Ticket Income $202,100.00
Level 3 -- Attendance: 2032 (79.83%) -- Ticket Income $71,120.00
Level 4 -- Attendance: 3406 (85.16%) -- Ticket Income $68,120.00
Luxury Box -- Attendance: 872 (87.17%) -- Ticket Income $130,800.00
Game was played at the Philips Arena
Total Attendance: 16061 (86.61%)
Total Ticket Income: $931,781.10
Other Expense: $109,683.40
Total Income: $822,098.00


Play by Play

Period #1

0:01 of 1st period - Patrik Stefan wins face-off versus Robert Lang in neutral zone.
0:20 of 1st period - Shot by Robert Lang.
0:20 of 1st period - Shot Misses the Net.
0:23 of 1st period - Shot by Jason Williams.
0:23 of 1st period - Stopped by Marty Turco without a rebound.
0:24 of 1st period - Andrew Cassels wins face-off versus Bobby Holik in Capitals zone.
0:33 of 1st period - Shot by Marian Hossa.
0:33 of 1st period - Shot Blocked by Oleg Tverdovsky.
0:34 of 1st period - Shot by Marian Hossa.
0:34 of 1st period - Goal by Marian Hossa.
0:35 of 1st period - Niko Kapanen wins face-off versus Brooks Laich in neutral zone.
0:40 of 1st period - Shot by Jim Slater.
0:40 of 1st period - Shot Misses the Net.
0:55 of 1st period - Shot by Eric Fehr.
0:55 of 1st period - Shot Misses the Net.
0:58 of 1st period - Shot by Alexander Ovechkin.
0:58 of 1st period - Goal by Brooks Laich.
0:59 of 1st period - Andrew Cassels wins face-off versus Robert Lang in neutral zone.
1:09 of 1st period - Icing by Robert Lang.
1:10 of 1st period - Brian Sutherby wins face-off versus Robert Lang in Thrashers zone.
1:11 of 1st period - Shot by Matt Pettinger.
1:11 of 1st period - Stopped by Kari Lehtonen with a rebound.
1:12 of 1st period - Shot by Shaone Morrisonn.
1:12 of 1st period - Shot Misses the Net.
1:13 of 1st period - Shot by Brian Pothier.
1:13 of 1st period - Shot Blocked by Philippe Boucher.
1:14 of 1st period - Shot by Brian Pothier.
1:14 of 1st period - Shot Misses the Net.
1:23 of 1st period - Shot by Jason Williams.
1:23 of 1st period - Shot Misses the Net.
1:50 of 1st period - Shot by Brian Sutherby.
1:50 of 1st period - Shot Misses the Net.
1:51 of 1st period - Shot by Matt Pettinger.
1:51 of 1st period - Shot Misses the Net.
4:14 of 1st period - Shot by Alexander Ovechkin.
4:14 of 1st period - Stopped by Kari Lehtonen without a rebound.
4:15 of 1st period - Patrik Stefan wins face-off versus Robert Lang in Thrashers zone.
4:16 of 1st period - Shot by Alexander Ovechkin.
4:16 of 1st period - Stopped by Kari Lehtonen without a rebound.
4:17 of 1st period - Brian Sutherby wins face-off versus Robert Lang in Thrashers zone.
4:28 of 1st period - Shot by Ilya Kovalchuk.
4:28 of 1st period - Goal by Ilya Kovalchuk.
4:29 of 1st period - Trent Hunter wins face-off versus Scott Mellanby in neutral zone.
4:32 of 1st period - Shot by Patrik Stefan.
4:32 of 1st period - Stopped by Kari Lehtonen with a rebound.
5:35 of 1st period - Shot by Marian Hossa.
5:35 of 1st period - Shot Blocked by Shaone Morrisonn.
5:38 of 1st period - Shot by Bobby Holik.
5:38 of 1st period - Stopped by Marty Turco without a rebound.
5:39 of 1st period - Niko Kapanen wins face-off versus Andrew Cassels in Capitals zone.
5:39 of 1st period - Peter Bondra is hit by Chris Clark and loses puck.
5:48 of 1st period - Icing by Bryan Muir.
5:49 of 1st period - Andrew Cassels wins face-off versus Niko Kapanen in Capitals zone.
5:53 of 1st period - Icing by Dainius Zubrus.
5:54 of 1st period - Bobby Holik wins face-off versus Andrew Cassels in Capitals zone.
6:12 of 1st period - Bobby Holik is hit by Bryan Muir and loses puck.
6:13 of 1st period - Minor Penalty to Andrew Cassels for Cross-checking.
6:14 of 1st period - Robert Lang wins face-off versus Trent Hunter in Capitals zone.
6:37 of 1st period - Shot by Marian Hossa.
6:37 of 1st period - Shot Blocked by Oleg Tverdovsky.
6:40 of 1st period - Shot by Ilya Kovalchuk.
6:40 of 1st period - Stopped by Marty Turco without a rebound.
6:41 of 1st period - Bobby Holik wins face-off versus Alexander Ovechkin in Capitals zone.
6:58 of 1st period - Shot by Vyacheslav Kozlov.
6:58 of 1st period - Shot Blocked by Shaone Morrisonn.
7:06 of 1st period - Off-side.
7:07 of 1st period - Trent Hunter wins face-off versus Robert Lang in neutral zone.
7:18 of 1st period - Shot by Ilya Kovalchuk.
7:18 of 1st period - Stopped by Marty Turco with a rebound.
7:23 of 1st period - Shot by Ilya Kovalchuk.
7:23 of 1st period - Shot Blocked by Brian Pothier.
7:24 of 1st period - Shot by Ilya Kovalchuk.
7:24 of 1st period - Shot Misses the Net.
7:27 of 1st period - Shot by Marian Hossa.
7:27 of 1st period - Shot Misses the Net.
8:39 of 1st period - Off-side.
8:40 of 1st period - Brian Sutherby wins face-off versus Vyacheslav Kozlov in neutral zone.
8:45 of 1st period - Shot by Shaone Morrisonn.
8:45 of 1st period - Shot Blocked by Vyacheslav Kozlov.
9:46 of 1st period - Shot by Dainius Zubrus.
9:46 of 1st period - Shot Blocked by Braydon Coburn.
9:47 of 1st period - Shot by Bryan Muir.
9:47 of 1st period - Stopped by Kari Lehtonen without a rebound.
9:47 of 1st period - Minor Penalty to Peter Bondra for High sticking.
9:48 of 1st period - Ilya Kovalchuk wins face-off versus Andrew Cassels in Thrashers zone.
9:49 of 1st period - Andrew Cassels wins face-off versus Robert Lang in Thrashers zone.
9:56 of 1st period - Shot by Dainius Zubrus.
9:56 of 1st period - Stopped by Kari Lehtonen without a rebound.
9:57 of 1st period - Robert Lang wins face-off versus Andrew Cassels in Thrashers zone.
11:12 of 1st period - Shot by Trent Hunter.
11:12 of 1st period - Stopped by Kari Lehtonen without a rebound.
11:13 of 1st period - Robert Lang wins face-off versus Patrik Stefan in Thrashers zone.
11:36 of 1st period - Shot by Alexander Ovechkin.
11:36 of 1st period - Stopped by Kari Lehtonen with a rebound.
11:44 of 1st period - Icing by Shaone Morrisonn.
11:45 of 1st period - Patrik Stefan wins face-off versus Ilya Kovalchuk in Capitals zone.
12:00 of 1st period - Shot by Niko Kapanen.
12:00 of 1st period - Stopped by Marty Turco without a rebound.
12:01 of 1st period - Robert Lang wins face-off versus Chris Clark in Capitals zone.
12:04 of 1st period - Shot by Ilya Kovalchuk.
12:04 of 1st period - Shot Misses the Net.
12:05 of 1st period - Shot by Garnet Exelby.
12:05 of 1st period - Stopped by Marty Turco without a rebound.
12:06 of 1st period - Niko Kapanen wins face-off versus Brooks Laich in Capitals zone.
12:08 of 1st period - Peter Bondra is hit by Steve Eminger and loses puck.
12:24 of 1st period - Shot by Peter Bondra.
12:24 of 1st period - Shot Misses the Net.
12:25 of 1st period - Shot by Vitaly Vishnevski.
12:25 of 1st period - Stopped by Marty Turco without a rebound.
12:26 of 1st period - Robert Lang wins face-off versus Andrew Cassels in Capitals zone.
12:47 of 1st period - Shot by Bryan Muir.
12:47 of 1st period - Stopped by Kari Lehtonen with a rebound.
12:50 of 1st period - Shot by Chris Clark.
12:50 of 1st period - Shot Misses the Net.
12:57 of 1st period - Shot by Robert Lang.
12:57 of 1st period - Stopped by Marty Turco without a rebound.
12:58 of 1st period - Bobby Holik wins face-off versus Brian Sutherby in Capitals zone.
12:59 of 1st period - Shot by Marian Hossa.
12:59 of 1st period - Stopped by Marty Turco without a rebound.
13:00 of 1st period - Bobby Holik wins face-off versus Brian Sutherby in Capitals zone.
13:19 of 1st period - Shot by Brian Sutherby.
13:19 of 1st period - Stopped by Kari Lehtonen without a rebound.
13:20 of 1st period - Brooks Laich wins face-off versus Niko Kapanen in Thrashers zone.
13:21 of 1st period - Shot by Alexander Ovechkin.
13:21 of 1st period - Stopped by Kari Lehtonen without a rebound.
13:22 of 1st period - Niko Kapanen wins face-off versus Andrew Cassels in Thrashers zone.
13:32 of 1st period - Minor Penalty to Dainius Zubrus for Hooking.
13:33 of 1st period - Bobby Holik wins face-off versus Trent Hunter in Capitals zone.
14:00 of 1st period - Shot by Jason Williams.
14:00 of 1st period - Shot Misses the Net.
14:05 of 1st period - Shot by Jason Williams.
14:05 of 1st period - Shot Misses the Net.
14:10 of 1st period - Shot by Jason Williams.
14:10 of 1st period - Shot Misses the Net.
14:13 of 1st period - Shot by Jason Williams.
14:13 of 1st period - Shot Misses the Net.
14:14 of 1st period - Shot by Greg de Vries.
14:14 of 1st period - Stopped by Marty Turco without a rebound.
14:15 of 1st period - Robert Lang wins face-off versus Chris Clark in Capitals zone.
14:22 of 1st period - Shot by Robert Lang.
14:22 of 1st period - Stopped by Marty Turco with a rebound.
14:23 of 1st period - Shot by Philippe Boucher.
14:23 of 1st period - Stopped by Marty Turco without a rebound.
14:24 of 1st period - Robert Lang wins face-off versus Alexander Ovechkin in Capitals zone.
15:20 of 1st period - Minor Penalty to Philippe Boucher for Charging.
15:21 of 1st period - Trent Hunter wins face-off versus Jason Williams in neutral zone.
17:10 of 1st period - Shot by Andrew Cassels.
17:10 of 1st period - Shot Blocked by Garnet Exelby.
17:13 of 1st period - Shot by Chris Clark.
17:13 of 1st period - Stopped by Kari Lehtonen without a rebound.
17:14 of 1st period - Ilya Kovalchuk wins face-off versus Patrik Stefan in Thrashers zone.
17:20 of 1st period - Icing by Shaone Morrisonn.
17:21 of 1st period - Niko Kapanen wins face-off versus Brooks Laich in Capitals zone.
17:43 of 1st period - Jim Slater is hit by Ivan Majesky and loses puck.
18:49 of 1st period - Shot by Robert Lang.
18:49 of 1st period - Shot Blocked by Brian Pothier.
19:04 of 1st period - Shot by Ilya Kovalchuk.
19:04 of 1st period - Stopped by Marty Turco without a rebound.
19:05 of 1st period - Andrew Cassels wins face-off versus Bobby Holik in Capitals zone.
19:14 of 1st period - Shot by Oleg Tverdovsky.
19:14 of 1st period - Stopped by Kari Lehtonen with a rebound.
19:15 of 1st period - Shot by Oleg Tverdovsky.
19:15 of 1st period - Shot Misses the Net.
19:22 of 1st period - Shot by Dainius Zubrus.
19:22 of 1st period - Stopped by Kari Lehtonen without a rebound.
19:23 of 1st period - Robert Lang wins face-off versus Andrew Cassels in Thrashers zone.
19:30 of 1st period - Shot by Ilya Kovalchuk.
19:30 of 1st period - Shot Blocked by Oleg Tverdovsky.
19:31 of 1st period - Shot by Philippe Boucher.
19:31 of 1st period - Shot Misses the Net.
19:32 of 1st period - Shot by Andy Sutton.
19:32 of 1st period - Stopped by Marty Turco with a rebound.
19:39 of 1st period - Shot by Ilya Kovalchuk.
19:39 of 1st period - Shot Blocked by Oleg Tverdovsky.
19:42 of 1st period - Shot by Ilya Kovalchuk.
19:42 of 1st period - Shot Blocked by Oleg Tverdovsky.

Period #2

0:01 of 2nd period - Robert Lang wins face-off versus Patrik Stefan in neutral zone.
0:10 of 2nd period - Shot by Jason Williams.
0:10 of 2nd period - Stopped by Marty Turco without a rebound.
0:11 of 2nd period - Chris Clark wins face-off versus Bobby Holik in Capitals zone.
0:46 of 2nd period - Shot by Niclas Havelid.
0:46 of 2nd period - Shot Misses the Net.
0:49 of 2nd period - Shot by Marian Hossa.
0:49 of 2nd period - Shot Misses the Net.
0:54 of 2nd period - Shot by Marian Hossa.
0:54 of 2nd period - Stopped by Marty Turco with a rebound.
1:33 of 2nd period - Shot by Niko Kapanen.
1:33 of 2nd period - Shot Blocked by Steve Eminger.
1:36 of 2nd period - Shot by Jim Slater.
1:36 of 2nd period - Stopped by Marty Turco without a rebound.
1:37 of 2nd period - Robert Lang wins face-off versus Brian Sutherby in Capitals zone.
1:52 of 2nd period - Shot by Ilya Kovalchuk.
1:52 of 2nd period - Shot Misses the Net.
1:57 of 2nd period - Shot by Matt Pettinger.
1:57 of 2nd period - Shot Misses the Net.
2:06 of 2nd period - Shot by Richard Zednik.
2:06 of 2nd period - Stopped by Kari Lehtonen without a rebound.
2:07 of 2nd period - Niko Kapanen wins face-off versus Brooks Laich in Thrashers zone.
2:19 of 2nd period - Brooks Laich is hit by Peter Bondra and loses puck.
2:34 of 2nd period - Off-side.
2:35 of 2nd period - Ilya Kovalchuk wins face-off versus Richard Zednik in neutral zone.
3:09 of 2nd period - Icing by Garnet Exelby.
3:10 of 2nd period - Andrew Cassels wins face-off versus Robert Lang in Thrashers zone.
3:11 of 2nd period - Shot by Dainius Zubrus.
3:11 of 2nd period - Stopped by Kari Lehtonen without a rebound.
3:12 of 2nd period - Andrew Cassels wins face-off versus Bobby Holik in Thrashers zone.
3:28 of 2nd period - Off-side.
3:29 of 2nd period - Niko Kapanen wins face-off versus Brooks Laich in neutral zone.
3:54 of 2nd period - Shot by Niko Kapanen.
3:54 of 2nd period - Stopped by Marty Turco without a rebound.
3:55 of 2nd period - Bobby Holik wins face-off versus Andrew Cassels in Capitals zone.
3:55 of 2nd period - Vyacheslav Kozlov is hit by Chris Clark and loses puck.
4:10 of 2nd period - Marian Hossa is hit by Bryan Muir and loses puck.
4:22 of 2nd period - Shot by Dainius Zubrus.
4:22 of 2nd period - Stopped by Kari Lehtonen without a rebound.
4:23 of 2nd period - Robert Lang wins face-off versus Brian Sutherby in Thrashers zone.
4:34 of 2nd period - Shot by Ilya Kovalchuk.
4:34 of 2nd period - Stopped by Marty Turco with a rebound.
4:39 of 2nd period - Shot by Robert Lang.
4:39 of 2nd period - Stopped by Marty Turco without a rebound.
4:40 of 2nd period - Niko Kapanen wins face-off versus Brooks Laich in Capitals zone.
5:25 of 2nd period - Shot by Niko Kapanen.
5:25 of 2nd period - Shot Hit the Post.
5:43 of 2nd period - Ilya Kovalchuk is hit by Steve Eminger and loses puck.
5:53 of 2nd period - Shot by Ilya Kovalchuk.
5:53 of 2nd period - Goal by Ilya Kovalchuk.
5:54 of 2nd period - Andrew Cassels wins face-off versus Marian Hossa in neutral zone.
6:03 of 2nd period - Shot by Dainius Zubrus.
6:03 of 2nd period - Stopped by Kari Lehtonen without a rebound.
6:04 of 2nd period - Brian Sutherby wins face-off versus Robert Lang in Thrashers zone.
6:04 of 2nd period - Richard Zednik is hit by Philippe Boucher and loses puck.
6:26 of 2nd period - Shot by Ilya Kovalchuk.
6:26 of 2nd period - Stopped by Marty Turco with a rebound.
6:27 of 2nd period - Shot by Andy Sutton.
6:27 of 2nd period - Shot Misses the Net.
6:28 of 2nd period - Shot by Philippe Boucher.
6:28 of 2nd period - Shot Blocked by Shaone Morrisonn.
6:31 of 2nd period - Shot by Jason Williams.
6:31 of 2nd period - Stopped by Marty Turco without a rebound.
6:32 of 2nd period - Chris Clark wins face-off versus Bobby Holik in Capitals zone.
6:44 of 2nd period - Minor Penalty to Bryan Muir for Charging.
6:45 of 2nd period - Bobby Holik wins face-off versus Trent Hunter in Capitals zone.
7:10 of 2nd period - Shot by Jason Williams.
7:10 of 2nd period - Shot Misses the Net.
7:45 of 2nd period - Shot by Marian Hossa.
7:45 of 2nd period - Shot Misses the Net.
7:50 of 2nd period - Shot by Marian Hossa.
7:50 of 2nd period - Shot Misses the Net.
7:51 of 2nd period - Shot by Philippe Boucher.
7:51 of 2nd period - Stopped by Marty Turco without a rebound.
7:52 of 2nd period - Robert Lang wins face-off versus Trent Hunter in Capitals zone.
7:57 of 2nd period - Shot by Ilya Kovalchuk.
7:57 of 2nd period - Stopped by Marty Turco without a rebound.
7:58 of 2nd period - Robert Lang wins face-off versus Trent Hunter in Capitals zone.
8:12 of 2nd period - Icing by Ilya Kovalchuk.
8:13 of 2nd period - Robert Lang wins face-off versus Alexander Ovechkin in Thrashers zone.
9:24 of 2nd period - Shot by Alexander Ovechkin.
9:24 of 2nd period - Stopped by Kari Lehtonen without a rebound.
9:25 of 2nd period - Andrew Cassels wins face-off versus Bobby Holik in Thrashers zone.
9:43 of 2nd period - Icing by Niclas Havelid.
9:44 of 2nd period - Bobby Holik wins face-off versus Brian Sutherby in Thrashers zone.
10:09 of 2nd period - Shot by Richard Zednik.
10:09 of 2nd period - Stopped by Kari Lehtonen without a rebound.
10:10 of 2nd period - Robert Lang wins face-off versus Andrew Cassels in Thrashers zone.
10:37 of 2nd period - Shot by Chris Clark.
10:37 of 2nd period - Shot Misses the Net.
10:37 of 2nd period - Minor Penalty to Andy Sutton for Elbowing.
10:38 of 2nd period - Robert Lang wins face-off versus Patrik Stefan in Thrashers zone.
11:35 of 2nd period - Shot by Andrew Cassels.
11:35 of 2nd period - Shot Misses the Net.
11:45 of 2nd period - Jason Williams is hit by Dainius Zubrus and loses puck.
11:46 of 2nd period - Jason Williams from Thrashers is injured at 11:46 of 2nd period (Groin).
11:47 of 2nd period - Robert Lang wins face-off versus Andrew Cassels in Capitals zone.
11:50 of 2nd period - Shot by Vyacheslav Kozlov.
11:50 of 2nd period - Stopped by Marty Turco without a rebound.
11:51 of 2nd period - Robert Lang wins face-off versus Andrew Cassels in Capitals zone.
12:46 of 2nd period - Shot by Peter Bondra.
12:46 of 2nd period - Shot Blocked by Steve Eminger.
12:49 of 2nd period - Shot by Niko Kapanen.
12:49 of 2nd period - Shot Blocked by Ivan Majesky.
13:03 of 2nd period - Minor Penalty to Peter Bondra for Cross-checking.
13:04 of 2nd period - Patrik Stefan wins face-off versus Ilya Kovalchuk in Capitals zone.
14:44 of 2nd period - Minor Penalty to Dainius Zubrus for Delaying the game.
14:45 of 2nd period - Ilya Kovalchuk wins face-off versus Alexander Ovechkin in neutral zone.
14:56 of 2nd period - Shot by Alexander Ovechkin.
14:56 of 2nd period - Shot Blocked by Andy Sutton.
15:04 of 2nd period - Alexander Ovechkin is hit by Peter Bondra and loses puck.
15:31 of 2nd period - Icing by Niclas Havelid.
15:32 of 2nd period - Bobby Holik wins face-off versus Alexander Ovechkin in Thrashers zone.
16:07 of 2nd period - Shot by Robert Lang.
16:07 of 2nd period - Stopped by Marty Turco without a rebound.
16:08 of 2nd period - Bobby Holik wins face-off versus Alexander Ovechkin in Capitals zone.
16:13 of 2nd period - Shot by Bobby Holik.
16:13 of 2nd period - Stopped by Marty Turco with a rebound.
16:18 of 2nd period - Shot by Vyacheslav Kozlov.
16:18 of 2nd period - Shot Misses the Net.
17:03 of 2nd period - Shot by Dainius Zubrus.
17:03 of 2nd period - Shot Blocked by Braydon Coburn.
17:10 of 2nd period - Shot by Dainius Zubrus.
17:10 of 2nd period - Stopped by Kari Lehtonen without a rebound.
17:11 of 2nd period - Robert Lang wins face-off versus Brian Sutherby in Thrashers zone.
17:22 of 2nd period - Shot by Ilya Kovalchuk.
17:22 of 2nd period - Stopped by Marty Turco without a rebound.
17:23 of 2nd period - Robert Lang wins face-off versus Brooks Laich in Capitals zone.
17:39 of 2nd period - Icing by Brooks Laich.
17:40 of 2nd period - Brooks Laich wins face-off versus Niko Kapanen in Capitals zone.
18:16 of 2nd period - Icing by Braydon Coburn.
18:17 of 2nd period - Andrew Cassels wins face-off versus Niko Kapanen in Thrashers zone.
19:15 of 2nd period - Brian Sutherby is hit by Marian Hossa and loses puck.
19:50 of 2nd period - Richard Zednik is hit by Ilya Kovalchuk and loses puck.

Period #3

0:01 of 3rd period - Robert Lang wins face-off versus Patrik Stefan in neutral zone.
0:09 of 3rd period - Minor Penalty to Alexander Ovechkin for Clipping.
0:10 of 3rd period - Bobby Holik wins face-off versus Trent Hunter in neutral zone.
0:15 of 3rd period - Shot by Ilya Kovalchuk.
0:15 of 3rd period - Stopped by Marty Turco without a rebound.
0:16 of 3rd period - Trent Hunter wins face-off versus Bobby Holik in Capitals zone.
0:27 of 3rd period - Shot by Ilya Kovalchuk.
0:27 of 3rd period - Stopped by Marty Turco with a rebound.
0:28 of 3rd period - Shot by Greg de Vries.
0:28 of 3rd period - Stopped by Marty Turco without a rebound.
0:29 of 3rd period - Marian Hossa wins face-off versus Trent Hunter in Capitals zone.
0:52 of 3rd period - Shot by Patrik Stefan.
0:52 of 3rd period - Stopped by Kari Lehtonen without a rebound.
0:53 of 3rd period - Trent Hunter wins face-off versus Bobby Holik in Thrashers zone.
0:53 of 3rd period - Dainius Zubrus is hit by Bobby Holik and loses puck.
1:35 of 3rd period - Shot by Vyacheslav Kozlov.
1:35 of 3rd period - Stopped by Marty Turco with a rebound.
1:36 of 3rd period - Shot by Niclas Havelid.
1:36 of 3rd period - Shot Misses the Net.
2:18 of 3rd period - Niko Kapanen is hit by Ivan Majesky and loses puck.
2:42 of 3rd period - Shot by Niko Kapanen.
2:42 of 3rd period - Shot Misses the Net.
2:47 of 3rd period - Shot by Niko Kapanen.
2:47 of 3rd period - Stopped by Marty Turco with a rebound.
2:50 of 3rd period - Shot by Peter Bondra.
2:50 of 3rd period - Goal by Peter Bondra.
2:51 of 3rd period - Andrew Cassels wins face-off versus Robert Lang in neutral zone.
3:01 of 3rd period - Icing by Philippe Boucher.
3:02 of 3rd period - Brian Sutherby wins face-off versus Ilya Kovalchuk in Thrashers zone.
3:09 of 3rd period - Shot by Richard Zednik.
3:09 of 3rd period - Shot Blocked by Garnet Exelby.
3:10 of 3rd period - Shot by Shaone Morrisonn.
3:10 of 3rd period - Stopped by Kari Lehtonen with a rebound.
3:11 of 3rd period - Shot by Matt Pettinger.
3:11 of 3rd period - Stopped by Kari Lehtonen without a rebound.
3:12 of 3rd period - Andrew Cassels wins face-off versus Bobby Holik in Thrashers zone.
3:17 of 3rd period - Shot by Dainius Zubrus.
3:17 of 3rd period - Stopped by Kari Lehtonen without a rebound.
3:18 of 3rd period - Vyacheslav Kozlov wins face-off versus Matt Pettinger in Thrashers zone.
3:18 of 3rd period - Marian Hossa is hit by Matt Pettinger and loses puck.
3:56 of 3rd period - Shot by Vyacheslav Kozlov.
3:56 of 3rd period - Shot Misses the Net.
3:57 of 3rd period - Shot by Greg de Vries.
3:57 of 3rd period - Shot Blocked by Brian Pothier.
3:58 of 3rd period - Shot by Greg de Vries.
3:58 of 3rd period - Shot Misses the Net.
3:59 of 3rd period - Shot by Bobby Holik.
3:59 of 3rd period - Shot Blocked by Brian Pothier.
4:09 of 3rd period - Minor Penalty to Peter Bondra for High sticking.
4:10 of 3rd period - Ilya Kovalchuk wins face-off versus Chris Clark in Capitals zone.
4:11 of 3rd period - Shot by Robert Lang.
4:11 of 3rd period - Stopped by Marty Turco without a rebound.
4:12 of 3rd period - Ilya Kovalchuk wins face-off versus Andrew Cassels in Capitals zone.
6:18 of 3rd period - Minor Penalty to Vitaly Vishnevski for Elbowing.
6:19 of 3rd period - Robert Lang wins face-off versus Andrew Cassels in neutral zone.
7:09 of 3rd period - Off-side.
7:10 of 3rd period - Robert Lang wins face-off versus Patrik Stefan in neutral zone.
7:41 of 3rd period - Shot by Patrik Stefan.
7:41 of 3rd period - Shot Misses the Net.
7:51 of 3rd period - Off-side.
7:52 of 3rd period - Andrew Cassels wins face-off versus Vyacheslav Kozlov in neutral zone.
8:05 of 3rd period - Shot by Dainius Zubrus.
8:05 of 3rd period - Stopped by Kari Lehtonen without a rebound.
8:06 of 3rd period - Andrew Cassels wins face-off versus Robert Lang in Thrashers zone.
8:17 of 3rd period - Shot by Dainius Zubrus.
8:17 of 3rd period - Stopped by Kari Lehtonen with a rebound.
8:36 of 3rd period - Shot by Matt Pettinger.
8:36 of 3rd period - Shot Blocked by Vitaly Vishnevski.
8:59 of 3rd period - Shot by Jim Slater.
8:59 of 3rd period - Stopped by Marty Turco without a rebound.
9:00 of 3rd period - Brooks Laich wins face-off versus Robert Lang in Capitals zone.
9:00 of 3rd period - Eric Fehr is hit by Philippe Boucher and loses puck.
9:14 of 3rd period - Shot by Scott Mellanby.
9:14 of 3rd period - Stopped by Marty Turco without a rebound.
9:15 of 3rd period - Andrew Cassels wins face-off versus Bobby Holik in Capitals zone.
9:15 of 3rd period - Dainius Zubrus is hit by Bobby Holik and loses puck.
9:40 of 3rd period - Oleg Tverdovsky is hit by Greg de Vries and loses puck.
10:31 of 3rd period - Minor Penalty to Alexander Ovechkin for Hooking.
10:32 of 3rd period - Robert Lang wins face-off versus Trent Hunter in neutral zone.
11:09 of 3rd period - Shot by Ilya Kovalchuk.
11:09 of 3rd period - Stopped by Marty Turco without a rebound.
11:10 of 3rd period - Bobby Holik wins face-off versus Patrik Stefan in Capitals zone.
13:07 of 3rd period - Shot by Steve Eminger.
13:07 of 3rd period - Stopped by Kari Lehtonen with a rebound.
13:09 of 3rd period - Double Minor Penalty to Vitaly Vishnevski for Roughing.
13:10 of 3rd period - Robert Lang wins face-off versus Andrew Cassels in Thrashers zone.
14:37 of 3rd period - Shot by Patrik Stefan.
14:37 of 3rd period - Shot Blocked by Andy Sutton.
14:38 of 3rd period - Shot by Alexander Ovechkin.
14:38 of 3rd period - Stopped by Kari Lehtonen without a rebound.
14:39 of 3rd period - Patrik Stefan wins face-off versus Ilya Kovalchuk in Thrashers zone.
14:40 of 3rd period - Shot by Alexander Ovechkin.
14:40 of 3rd period - Stopped by Kari Lehtonen without a rebound.
14:41 of 3rd period - Robert Lang wins face-off versus Patrik Stefan in Thrashers zone.
14:49 of 3rd period - Off-side.
14:50 of 3rd period - Robert Lang wins face-off versus Andrew Cassels in neutral zone.
16:13 of 3rd period - Shot by Patrik Stefan.
16:13 of 3rd period - Shot Misses the Net.
17:41 of 3rd period - Icing by Steve Eminger.
17:42 of 3rd period - Bobby Holik wins face-off versus Alexander Ovechkin in Capitals zone.
17:52 of 3rd period - Icing by Ivan Majesky.
17:53 of 3rd period - Brooks Laich wins face-off versus Robert Lang in Capitals zone.
18:32 of 3rd period - Shot by Brian Sutherby.
18:32 of 3rd period - Stopped by Kari Lehtonen without a rebound.
18:33 of 3rd period - Andrew Cassels wins face-off versus Niko Kapanen in Thrashers zone.
18:34 of 3rd period - Shot by Dainius Zubrus.
18:34 of 3rd period - Stopped by Kari Lehtonen without a rebound.
18:35 of 3rd period - Niko Kapanen wins face-off versus Andrew Cassels in Thrashers zone.
18:46 of 3rd period - Shot by Peter Bondra.
18:46 of 3rd period - Stopped by Marty Turco without a rebound.
18:47 of 3rd period - Andrew Cassels wins face-off versus Bobby Holik in Capitals zone.
19:01 of 3rd period - Icing by Vyacheslav Kozlov.
19:02 of 3rd period - Brian Sutherby wins face-off versus Bobby Holik in Thrashers zone.
19:13 of 3rd period - Shot by Richard Zednik.
19:13 of 3rd period - Stopped by Kari Lehtonen with a rebound.
19:22 of 3rd period - Shot by Matt Pettinger.
19:22 of 3rd period - Goal by Matt Pettinger.
19:23 of 3rd period - Andrew Cassels wins face-off versus Niko Kapanen in neutral zone.
19:50 of 3rd period - Shot by Chris Clark.
19:50 of 3rd period - Shot Misses the Net.
19:55 of 3rd period - Shot by Chris Clark.
19:55 of 3rd period - Shot Misses the Net.
19:58 of 3rd period - Shot by Chris Clark.
19:58 of 3rd period - Shot Misses the Net.


Output by the STHS for Stephane Roy -- Original Page W3C XHTML 1.0 Valid